 Dungeon Crawl Stone Soup version bcrawl-1.28.4 (webtiles) character file.

Game seed: 6546098520179342515

152317 Mehrunes the Purveyor of Pain (level 6, -1/32 HPs)
             Began as a Skeleton Necromancer on Jan 18, 2021.
             Was an Initiate of Kikubaaqudgha.
             Slain by a worker ant (6 damage)
             ... on level 3 of the Dungeon.
             The game lasted 00:08:53 (3735 turns).

Mehrunes the Purveyor of Pain (SkNe)                Turns: 3735, Time: 00:08:53

Health: -1/32      AC:  7    Str: 15 (16) XL:     6   Next: 23%
Magic:  0/15       EV: 11    Int: 14      God:    Kikubaaqudgha [......]
Gold:   261        SH:  0    Dex:  9      Spells: 3/18 levels left

rFire    . . .     SeeInvis .   c - +0 hand axe
rCold    + . .     Gourm    .   (no shield)
rNeg     + + +     Faith    .   g - +2 ring mail {rPois}
rPois    ∞         Spirit   +   (no helmet)
rElec    +         Reflect  .   p - scarf {stasis}
rCorr    .         Harm     .   (no gloves)
MR       .....                  (no boots)
Stlth    +.........             (no amulet)
HPRegen  0.10/turn              j - ring of wizardry
MPRegen  0.14/turn              o - ring of insulation

@: no status effects
A: no food or potions, cold resistance 1, deterioration 1, negative energy
resistance 3, powered by death 1, torment resistance, unbreathing, magic shield,
sturdy frame 1, spell healing
a: Renounce Religion


You were on level 3 of the Dungeon.
You worshipped Kikubaaqudgha.
Kikubaaqudgha was noncommittal.
You were not hungry.

You visited 1 branch of the dungeon, and saw 4 of its levels.

You collected 261 gold pieces.

Inventory:

Hand Weapons
 a - a +1 dagger
 c - a +0 hand axe (weapon)
Armour
 b - a +0 robe
 e - a +0 ring mail
 g - a +2 ring mail of poison resistance (worn)
 k - a scarf of resistance
 p - a scarf of stasis (worn)
Jewellery
 j - a ring of wizardry (left hand)
 o - a ring of insulation (right hand)
Scrolls
 d - 3 scrolls of identify
 f - 2 scrolls of teleportation {unknown}
 h - a scroll of fog {unknown}
 i - a scroll of magic mapping {unknown}
 l - 4 scrolls of immolation {unknown}
 m - a scroll of remove curse {unknown}
 n - 2 scrolls of enchant weapon {unknown}


   Skills:
 - Level 2.0 Dodging
 - Level 2.4 Stealth
 + Level 6.6 Spellcasting
 + Level 6.6 Necromancy


You had 3 spell levels left.
You knew the following spells:

 Your Spells              Type           Power        Failure   Level  Hunger
a - Animate Skeleton      Necr           N/A          1%          1    N/A
b - Pain                  Necr           ###...       1%          1    N/A
c - Vampiric Draining     Necr           ###.......   1%          3    N/A
d - Agony                 Necr           ###.....     6%          4    N/A
e - Animate Dead          Necr           N/A          6%          4    N/A
f - Corpse Rot            Necr           N/A          1%          2    N/A

Your spell library contained the following spells:

 Spells                   Type           Power        Failure   Level  Hunger
 Dispel Undead            Necr           ###.....     16%         5    N/A

Dungeon Overview and Level Annotations

Branches:
Dungeon (4/12)
 Temple: D:4-7

Altars:
Ashenzari
Cheibriados
Gozag
Kikubaaqudgha
Vehumet
Xom
Yredelemnul
Zin

Annotations:
D:4 1 transporter


Innate Abilities, Weirdness & Mutations

You do not eat or drink.
You are immune to poison.
Your flesh is cold resistant. (rC+)
Your body sometimes deteriorates upon taking damage.
You are immune to negative energy. (rN+++)
You regenerate a little health from kills.
You are immune to unholy pain and torment.
You can survive without breathing.
When hurt, damage is shared between your health and your magic reserves.
Your movements are slightly less encumbered by armour. (ER -2)
Casting spells heals you.


Message History

Your adder zombie bites the ogre.
Your worker ant zombie bites the crimson imp.
Something hits your adder zombie. Something hits your adder zombie.
The worker ant barely misses you.
Your adder zombie barely misses the ogre.
Something hits your adder zombie.
Your adder zombie is destroyed!
There is a stone staircase leading up here.
The worker ant closely misses you.
As you climb the stairs, a rune flashes!
You feel a strange sense of stasis.
You climb upwards.
There is a stone staircase leading down here.
The worker ant misses you. The worker ant bites you.
* * * LOW HITPOINT WARNING * * *
You closely miss the worker ant. The worker ant bites you.
* * * LOW HITPOINT WARNING * * *
The worker ant bites you!
You die...
Kikubaaqudgha rasps: "You have failed me!
Welcome... oblivion!"

≈≈≈≈≈≈≈≈≈≈≈≈≈≈≈≈.#
≈≈≈≈.##≈≈≈≈≈≈≈≈≈.#
≈#........≈≈≈≈≈≈>#
##..####..#.≈≈≈≈.#
......<....#..##.#
....##[##.###.##.#
##....)..## ##.#.#
#.###.##.###.##a#
##%###.###.#.###@#
#.............##.#
#.####..#####.##.#
#.##..).## #.##.#
#.##.#)..# #.##.#
#.##)#.#.#
#.##.#####
#.##.._..#
#.##.....#
#.####.###
#.######.# #.#
#..# #.# #.#


You could see a worker ant.

Vanquished Creatures
  An ice beast (D:3)
  An iguana (D:4)
  A worker ant (D:4)
  A hound zombie (D:3)
  A gnoll (D:1)
  5 adders
  An ooze (D:3)
  4 worms
  2 dart slugs
  5 leopard geckos
  13 orcs
  A giant cockroach (D:2)
  3 goblins
  8 hobgoblins
  8 jackals
  7 kobolds
  5 quokkas
  A ball python (D:1)
  6 bats
  5 frilled lizards
  A jackal skeleton (D:4)
  6 rats
86 creatures vanquished.

Vanquished Creatures (collateral kills)
  A hobgoblin (D:3)
1 creature vanquished.

Grand Total: 87 creatures vanquished

Notes
Turn   | Place    | Note
-------+----------+-------------------------------------------
     0 | D:1      | Mehrunes the Skeleton Necromancer began the quest for the
                  | Orb.
     0 | D:1      | Reached XP level 1. HP: 10/10 MP: 4/4
   130 | D:1      | Reached XP level 2. HP: 15/15 MP: 3/6
   703 | D:1      | Reached skill level 5 in Necromancy
   703 | D:1      | Reached XP level 3. HP: 19/19 MP: 4/8
  1370 | D:2      | Found a faded altar of an unknown god.
  1645 | D:2      | Reached XP level 4. HP: 24/24 MP: 2/10
  1808 | D:2      | Found an ancient bone altar of Kikubaaqudgha.
  1829 | D:2      | Found a basalt altar of Yredelemnul.
  1831 | D:2      | Became a worshipper of Kikubaaqudgha
  1834 | D:2      | Found an opulent altar of Gozag.
  1834 | D:2      | Found a glowing silver altar of Zin.
  1835 | D:2      | Found a shimmering altar of Xom.
  1836 | D:2      | Found a shattered altar of Ashenzari.
  1868 | D:2      | Learned a level 3 spell: Vampiric Draining
  1873 | D:2      | Learned a level 4 spell: Agony
  1882 | D:3      | Reached skill level 5 in Spellcasting
  2130 | D:3      | Learned a level 4 spell: Animate Dead
  2163 | D:3      | Reached XP level 5. HP: 28/28 MP: 5/12
  2221 | D:3      | Reached * piety under Kikubaaqudgha
  2221 | D:3      | Identified Kikubaaqudgha's Compendium of Unholy Rituals
                  | (Kikubaaqudgha gifted it to you on level 3 of the Dungeon)
  2221 | D:3      | Received a gift from Kikubaaqudgha
  2360 | D:3      | Found a radiant altar of Vehumet.
  2898 | D:4      | Found a snail-covered altar of Cheibriados.
  2903 | D:4      | Noticed an acid dragon
  2903 | D:4      | Noticed an ogre mage
  2913 | D:4      | Noticed a two-headed ogre
  2921 | D:4      | Found a transporter.
  2933 | D:4      | Noticed an ice beast
  2943 | D:4      | Learned a level 2 spell: Corpse Rot
  3220 | D:3      | Killed an ice beast
  3221 | D:3      | Gained mutation: You regenerate a little health from kills.
                  | [Skeleton growth]
  3221 | D:3      | Reached XP level 6. HP: 24/32 MP: 3/15
  3735 | D:3      | Slain by a worker ant

Skill      XL: |  1  2  3  4  5 |
---------------+----------------+-----
Spellcasting   | 4 5 6 |  6.6
Necromancy     | 5 6 |  6.6
Dodging        | |  2.0
Stealth        | |  2.4

Action                   |  1- 3 |  4- 6 || total
-------------------------+-------+-------++-------
Melee: Dagger            |     1 |       ||     1
       Hand axe          |    15 |    41 ||    56
 Cast: Pain              |    86 |   109 ||   195
       Animate Dead      |       |     3 ||     3
       Vampiric Draining |       |     2 ||     2
       Corpse Rot        |       |     1 ||     1
Invok: Receive Corpses   |       |     3 ||     3
Armor: Ring mail         |    11 |    43 ||    54
Dodge: Dodged            |    31 |    64 ||    95
